 Dungeon Crawl Stone Soup version 0.30-b1-5-g8e6c1be481 (webtiles) character file.

Game seed: 13408576858790000404

1723 MacCMillion the Cleaver (level 8, -4/70 HPs)
             Began as a Minotaur Fighter on May 4, 2023.
             Was an Initiate of Yredelemnul.
             Slain by a hellwing (8 damage)
             ... on level 7 of the Dungeon.
             The game lasted 00:12:30 (5655 turns).

MacCMillion the Cleaver (Minotaur Fighter)          Turns: 5655, Time: 00:12:30

Health: -4/70      AC: 10    Str: 23    XL:     8   Next: 75%
Magic:  7/8        EV:  8    Int:  5    God:    Yredelemnul [......]
Gold:   263        SH: 10    Dex: 16    Spells: 7/7 levels left

rFire   . . .        a - +0 war axe
rCold   . . .        c - +0 buckler
rNeg    . . .        u - +0 chain mail
rPois   +            (helmet restricted)
rElec   .            (no cloak)
rCorr   .            (no gloves)
SInv    .            (no boots)
Will    .....        w - amulet of reflection Stlth
                     j - +6 ring of dexterity
HPRegen 0.31/turn    C - ring of poison resistance
MPRegen 0.11/turn

%: reflection
@: mighty
A: horns 2, retaliatory headbutt
a: Renounce Religion, Recall Undead Harvest


You were on level 7 of the Dungeon.
You worshipped Yredelemnul.
Yredelemnul was noncommittal.
You visited 1 branch of the dungeon, and saw 7 of its levels.
You also visited: Sewer.

You collected 359 gold pieces.
You spent 96 gold pieces at shops.

Inventory:

Hand Weapons
 a - a +0 war axe (weapon)
Missiles
 D - 7 poisoned darts (quivered)
 G - a boomerang
Armour
 c - a +0 buckler (worn)
 u - a +0 chain mail (worn)
Jewellery
 j - a +6 ring of dexterity (left hand)
 w - an amulet of reflection (around neck)
 C - a ring of poison resistance (right hand)
Wands
 H - a wand of paralysis (5)
Scrolls
 b - 3 scrolls of magic mapping {unknown}
 e - 5 scrolls of enchant weapon {unknown}
 g - 2 scrolls of enchant armour {unknown}
 m - a scroll of fear {unknown}
 n - 2 scrolls of brand weapon {unknown}
 o - a scroll of acquirement {unknown}
 p - 3 scrolls of amnesia {unknown}
 q - 2 scrolls of immolation {unknown}
 s - a scroll of noise {unknown}
 t - 5 scrolls of identify {unknown}
 v - 3 scrolls of fog {unknown}
 x - 3 scrolls of teleportation {unknown}
 y - 2 scrolls of silence {unknown}
 B - 2 scrolls of blinking {unknown}
 F - a scroll of poison {unknown}
Potions
 f - a potion of berserk rage {unknown}
 h - a potion of magic {unknown}
 i - 3 potions of attraction {unknown}
 k - 2 potions of heal wounds
 l - 4 potions of curing
 r - 2 potions of resistance {unknown}
 z - 2 potions of cancellation {unknown}
 A - a potion of degeneration {unknown}
 E - a potion of flight {unknown}


   Skills:
 + Level 6.2 Fighting
 + Level 11.1 Axes
 + Level 6.3 Armour
 - Level 4.0 Shields
 + Level 1.7 Invocations


You had 7 spell levels left.
You didn't know any spells.
Your spell library contained the following spells:

 Spells                   Type           Power      Damage    Failure   Level
 Apportation              Tloc           0%         N/A       98%         1
 Magic Dart               Conj           0%         1d3       98%         1
 Necrotise                Necr           0%         1d4       98%         1
 Summon Small Mammal      Summ           0%         N/A       98%         1
 Call Imp                 Summ           0%         N/A       99%         2
 Static Discharge         Conj/Air       0%         2-2/arc   99%         2
 Inner Flame              Hex/Fire       0%         N/A       100%        3
 Mephitic Cloud           Conj/Pois/Air  0%         N/A       100%        3
 Summon Guardian Golem    Hex/Summ       0%         N/A       100%        3
 Airstrike                Air            0%         2d(0-16)  100%        4
 Animate Armour           Summ/Erth      0%         N/A       100%        4
 Flame Wave               Conj/Fire      0%         2d4       100%        4
 Sticky Flame             Conj/Fire      0%         2d3       100%        4
 Summon Lightning Spire   Summ/Air       0%         N/A       100%        4
 Blade Hands              Tmut           0%         N/A       100%        5
 Iron Shot                Conj/Erth      0%         9d1       100%        6
 Orb of Destruction       Conj           0%         9d5       100%        7
 Spellforged Servitor     Conj/Summ      0%         N/A       100%        7


Dungeon Overview and Level Annotations

Branches:
Dungeon (7/15)             Temple (0/1) D:6           Sewer (visited)

Altars:
Ashenzari
Kikubaaqudgha
Ru
Wu Jian
Yredelemnul

Shops:
D:3 !((=

Annotations:
D:2 Sigmund


Innate Abilities, Weirdness & Mutations

You have a pair of horns on your head.
You reflexively headbutt those who attack you in melee.


Message History

* * * LOW HITPOINT WARNING * * *
You block the hellwing's attack.
The hornet zombie hits the withered plant!
The centaur warrior zombie hits you.
* * * LOW HITPOINT WARNING * * *
The centaur warrior zombie kicks you but does no damage.
The centaur warrior skeleton hits you.
* * * LOW HITPOINT WARNING * * *
The centaur warrior skeleton kicks you but does no damage.
You slash the hellwing! Your headbutt misses the hellwing.
The hellwing is almost dead.
You slash the centaur warrior skeleton!
You barely miss the centaur warrior zombie.
The hellwing hits you.
* * * LOW HITPOINT WARNING * * *
The hellwing completely misses you.
The hornet zombie hits the withered plant!
You block the centaur warrior zombie's attack.
The centaur warrior zombie kicks you but does no damage.
The centaur warrior skeleton hits you but does no damage.
The centaur warrior skeleton kicks you but does no damage.
Unknown command.
You slash the hellwing!
The hellwing is almost dead.
You hit the centaur warrior skeleton. You slash the centaur warrior zombie!
The hornet zombie hits the withered plant!
You block the centaur warrior zombie's attack. x2
The centaur warrior skeleton hits you.
* * * LOW HITPOINT WARNING * * *
The centaur warrior skeleton barely misses you.
The hellwing completely misses you. You block the hellwing's attack.
You block the centaur warrior skeleton's attack.
The centaur warrior skeleton closely misses you.
You block the centaur warrior zombie's attack.
The centaur warrior zombie barely misses you.
The hornet zombie hits the withered plant!
A centaur warrior skeleton comes into view.
The hellwing hits you!
You die...
Your body rises from the dead as a mindless zombie.

.#.............
...............
........?....P.
...............
..........P....
........PZ.....
#.......Z8.....
#..@Z...8.[
#.4......P∩
#..[.......
........8...
...##....P...
##.. .........
#. #.......Z ..
###[.....


You could see a hellwing, a hornet zombie, a centaur warrior zombie and 2
centaur warrior skeletons.

Vanquished Creatures
  A redback zombie (D:7)
  Edmund (D:4)
  Pargi (Sewer)
  2 ogres
  Blork the orc (D:5)
  A bullfrog (D:4)
  A scorpion (D:3)
  6 hounds
  An orc priest (D:6)
  2 sleepcaps
  2 jellies
  4 iguanas
  Jessica (D:2)
  Natasha (thrice) (D:2)
  An orc wizard (D:6)
  Robin (D:2)
  12 gnolls
  7 adders
  2 shadow imps (D:7)
  6 worms
  4 dart slugs
  8 orcs
  2 bats
  8 endoplasms
  4 giant cockroaches
  17 goblins
  10 hobgoblins
  5 jackals
  7 kobolds
  7 quokkas
  2 ball pythons
  4 frilled lizards
  4 rats
138 creatures vanquished.

Vanquished Creatures (collateral kills)
  A howler monkey (D:6)
1 creature vanquished.

Vanquished Creatures (others)
  A withered plant (D:7)
1 creature vanquished.

Grand Total: 140 creatures vanquished

Notes
Turn   | Place    | Note
-------+----------+-------------------------------------------
     0 | D:1      | MacCMillion the Minotaur Fighter began the quest for the
                  | Orb.
     0 | D:1      | Reached XP level 1. HP: 19/19 MP: 0/0
   219 | D:1      | Reached skill level 3 in Axes
   219 | D:1      | Reached XP level 2. HP: 26/26 MP: 1/1
   609 | D:2      | Reached XP level 3. HP: 31/31 MP: 2/2
   621 | D:2      | Reached skill level 4 in Axes
   731 | D:2      | Noticed Natasha
   743 | D:2      | Killed Natasha
   895 | D:2      | Noticed Natasha
   914 | D:2      | Killed Natasha
   915 | D:2      | Reached skill level 5 in Axes
   915 | D:2      | Reached XP level 4. HP: 33/39 MP: 3/3
  1040 | D:2      | Noticed Natasha
  1049 | D:2      | Killed Natasha
  1247 | D:2      | Reached skill level 6 in Axes
  1253 | D:2      | Noticed Jessica
  1272 | D:2      | Killed Jessica
  1273 | D:2      | Reached XP level 5. HP: 42/45 MP: 4/4
  1324 | D:2      | Noticed Robin
  1384 | D:2      | Killed Robin
  1426 | D:2      | Noticed Sigmund
  1442 | D:3      | Found a faded altar of an unknown god.
  1486 | D:3      | Reached skill level 7 in Axes
  1645 | D:3      | Found Yninur's Antique Weapon Shoppe.
  1737 | D:3      | Reached XP level 6. HP: 51/51 MP: 5/5
  1750 | D:3      | Found Daefun's Distillery.
  1810 | D:3      | Found Hetog's Jewellery Emporium.
  2082 | D:3      | Found a glowing drain.
  2087 | Sewer    | Entered a sewer
  2153 | Sewer    | Noticed Pargi
  2170 | Sewer    | Killed Pargi
  2171 | Sewer    | Reached skill level 8 in Axes
  2713 | D:3      | Found Jitauk's Antique Weapon Boutique.
  2730 | D:3      | Bought a potion of heal wounds for 60 gold pieces
  2730 | D:3      | Bought a potion of curing for 36 gold pieces
  3025 | D:4      | Found a broken altar of Ashenzari.
  3299 | D:4      | Noticed Edmund
  3316 | D:4      | Killed Edmund
  3317 | D:4      | Reached skill level 9 in Axes
  3317 | D:4      | Reached XP level 7. HP: 43/57 MP: 6/6
  3946 | D:4      | Found a sacrificial altar of Ru.
  3989 | D:4      | Reached skill level 10 in Axes
  4150 | D:4      | Found an ornate altar of the Wu Jian Council.
  4250 | D:5      | Entered Level 5 of the Dungeon
  4444 | D:5      | Noticed Blork the orc
  4452 | D:5      | Killed Blork the orc
  4554 | D:5      | Reached XP level 8. HP: 49/67 MP: 7/7
  4776 | D:5      | Reached skill level 5 in Armour
  4824 | D:5      | Reached skill level 5 in Fighting
  5203 | D:6      | Found an ancient bone altar of Kikubaaqudgha.
  5275 | D:6      | Found a basalt altar of Yredelemnul.
  5380 | D:6      | Became a worshipper of Yredelemnul the Dark
  5504 | D:6      | Found a staircase to the Ecumenical Temple.
  5638 | D:7      | Noticed a hellwing
  5650 | D:7      | Reached skill level 11 in Axes
  5650 | D:7      | Reached skill level 1 in Invocations
  5655 | D:7      | Slain by a hellwing

Illustrated notes

Levels and vault maps discovered:
D:1:      dpeg_arrival_water_temple_mockup, layout_rooms
D:2:      layout_basic, uniq_natasha, uniq_jessica, uniq_sigmund, uniq_robin
D:3:      layout_basic, serial_shops, nicolae_shop_tiny_statue_garden,
          nicolae_shop_hallway_stairs, nicolae_shop_tiny_waterfront,
          nicolae_square_shop, portal_sewer_entry_e,
          nicolae_ecumenical_pavilion, kennysheep_path_1, minivault_23,
          minmay_increasing_density
D:4:      layout_basic, pdpol_wu_jian_five_deadly_venoms,
          mainiacjoe_overflow_alcove_1, mainiacjoe_overflow_boulevard,
          uniq_edmund
D:5:      layout_rooms, kennysheep_minor_cross, uniq_blork_the_orc
D:6:      layout_rooms, old_standard_altar, old_standard_altar,
          minmay_temple_entry_arrows, nicolae_elevator_lobby_plus
D:7:      cheibrodos_grave_circle, layout_cave_pools, kennysheep_little_box,
          vehumet_statue, jmf_multi_god_temple2, serial_gnoll_camp,
          gnoll_camp_huts_basic, gnoll_camp_mini_hut, gnoll_camp_mini_hut,
          gnoll_camp_mini_shop, minmay_a_box_with_orc_wizards_in_it,
          uniq_prince_ribbit1

Skill      XL: |  1  2  3  4  5  6  7  8 |
---------------+-------------------------+-----
Axes           | 3 5 6 7 9 10 11 | 11.1
Shields        | 4 |  4.0
Armour         | 4 6 |  6.3
Fighting       | 4 6 |  6.2
Invocations    | 1 |  1.7

Action                     |  1- 3 |  4- 6 |  7- 9 || total
---------------------------+-------+-------+-------++-------
  Melee: War axe           |    75 |   147 |   134 ||   356
         Headbutt          |    10 |    27 |    28 ||    65
    Use: Potion            |       |       |     1 ||     1
 Armour: Scale mail        |    29 |    35 |       ||    64
         Chain mail        |       |    40 |    48 ||    88
  Dodge: Dodged            |    20 |    54 |    30 ||   104
  Block: Buckler           |    11 |    36 |    69 ||   116
         Reflection        |       |       |     1 ||     1
